 Dungeon Crawl Stone Soup version 0.25.1-8-g42b30a86e7 (webtiles) character file.

Game seed: 15139060965751784837

28 gruber the Chiller (level 3, 14/24 HPs)
             Began as a Demonspawn Ice Elementalist on Dec 19, 2020.
             Quit the game on level 2 of the Dungeon.
             The game lasted 00:01:16 (928 turns).

gruber the Chiller (Demonspawn Ice Elementalist)     Turns: 928, Time: 00:01:17

Health: 14/24      AC:  2    Str:  8    XL:     3   Next: 0%
Magic:  1/6        EV: 14    Int: 17    God:
Gold:   0          SH:  0    Dex: 13    Spells: 5/6 levels left

rFire    . . .     SeeInvis .   d - +0 short sword
rCold    . . .     Gourm    .   (no shield)
rNeg     . . .     Faith    .   a - +0 robe
rPois    .         Spirit   .   (no helmet)
rElec    .         Reflect  .   (no cloak)
rCorr    .         Harm     .   (no gloves)
MR       .....                  (no boots)
Stlth    ++........             (no amulet)
HPRegen  0.08/turn              (no ring)
MPRegen  0.10/turn              (no ring)

@: no status effects
A: repulsion field 1, powered by pain 1
a: no special abilities


You were on level 2 of the Dungeon.
You were not hungry.

You visited 1 branch of the dungeon, and saw 2 of its levels.

Inventory:

Hand Weapons
 d - a +0 short sword (weapon)
Missiles
 b - 7 poisoned darts (quivered)
Armour
 a - a +0 robe (worn)
Scrolls
 e - a scroll of remove curse {unknown}
 h - a scroll of blinking {unknown}
Potions
 f - a potion of stabbing {unknown}
Comestibles
 c - a ration


   Skills:
 - Level 1.7 Dodging
 - Level 1.7 Stealth
 - Level 2.0 Spellcasting
 + Level 4.5 Ice Magic


You had 5 spell levels left.
You knew the following spells:

 Your Spells              Type           Power        Failure   Level  Hunger
a - Freeze                Ice            ###.         3%          1    #......

Your spell library contained the following spells:

 Spells                   Type           Power        Failure   Level  Hunger
 Frozen Ramparts          Ice            ###...       9%          3    ###....
 Ozocubu's Armour         Chrm/Ice       #.......     22%         3    ###....
 Hailstorm                Conj/Ice       #.......     58%         4    #####..
 Summon Ice Beast         Ice/Summ       #.......     58%         4    #####..


Dungeon Overview and Level Annotations

Branches:
Dungeon (2/15)

Altars:


Innate Abilities, Weirdness & Mutations

You are surrounded by a mild repulsion field. (EV +2)
You sometimes gain a little power by taking damage.


Message History

You freeze the ooze!
You kill the ooze!
Casting: Freeze (safe; 3% risk of failure)
Confirm with . or Enter, or press ? or * to list all spells.
You don't have enough magic to cast that spell.
Unknown command.
Unknown command.
You hit the rat.
The rat is moderately wounded.
The rat barely misses you.
You hit the rat.
You kill the rat!
You have reached level 3!
Your experience leads to an increase in your attributes!
Increase (S)trength, (I)ntelligence, or (D)exterity?
You feel clever.
Your demonic ancestry asserts itself...
You feel energised by your suffering.
Unknown command.
Unknown command.
Are you sure you want to abandon this character and quit the game? (Confirm with "yes".)

##########
#.....r†#.......
#........#
#.......#.......
#.######.#
#..†#####.......
#.#....#.#. #†.s#
#######
#.#.##.#.#.# #...#
#.#.##.#.#.# ###r#
#.#.##.#.#.# #.#
#)#.##.#.#.#####.#
#.#.##.#.#.#.@s..#
#.#....#.#.#.#####
#[####.#.#...#
#......#.#.#####
######.#.......+
#.######### #.#
#.# #.#


You could see a giant cockroach.

Vanquished Creatures
  2 oozes
  A leopard gecko (D:1)
  3 goblins
  2 hobgoblins (D:1)
  3 jackals
  2 bats
  A frilled lizard (D:2)
  3 kobolds
  2 rats (D:2)
19 creatures vanquished.

Notes
Turn   | Place    | Note
-------+----------+-------------------------------------------
     0 | D:1      | gruber the Demonspawn Ice Elementalist began the quest for
                  | the Orb.
     0 | D:1      | Reached XP level 1. HP: 13/13 MP: 3/3
   259 | D:1      | Reached skill level 4 in Ice Magic
   271 | D:1      | Gained mutation: You are surrounded by a mild repulsion
                  | field. (EV +2) [demonic ancestry]
   271 | D:1      | Reached XP level 2. HP: 4/19 MP: 0/5
   927 | D:2      | Gained mutation: You sometimes gain a little power by
                  | taking damage. [demonic ancestry]
   927 | D:2      | Reached XP level 3. HP: 14/24 MP: 1/6
   928 | D:2      | Quit the game

Illustrated notes

Levels and vault maps discovered:
D:1:      zelgadis_glass_arrival_small, layout_basic
D:2:      layout_basic, yredelemnul_forgotten_temple_becter, st_stairs_4,
          elyvilon_altar_5

Skill      XL: |  1 |
---------------+----+-----
Ice Magic      | 4 |  4.5
Dodging        | |  1.7
Stealth        | |  1.7
Spellcasting   | |  2.0

Action                   || total
-------------------------++-------
Melee: Unarmed           ||     7
       Short sword       ||    13
Throw: Dart              ||    10
 Cast: Freeze            ||    25
 Stab: Sleeping          ||     1
Armor: Robe              ||     7
Dodge: Dodged            ||    38
